 Dungeon Sprint DCSS version 0.18-a0-1180-g64ccc1e (webtiles) character file.

13400000 namelastname112 the Intangible (level 27, -310/323 HPs)
             Began as a Demonspawn Gladiator on Jan 27, 2016.
             Was the Champion of Makhleb.
             Annihilated by a fleshlord
             ... wielding a +9 great mace
              (357 damage)
             ... in the Dungeon (Sprint VIII: "Arena of Blood").
             The game lasted 00:06:21 (134 turns).

namelastname112 the Intangible (DsGl)                Turns: 134, Time: 00:06:22

Health: -310/323   AC:  8    Str: 19    XL:     27
Magic:  47/54      EV: 36    Int: 11    God:    Makhleb [******]
Gold:   0          SH:  0    Dex: 22    Spells: 0 memorised, 80 levels left

rFire  + . .     SeeInvis .     k - +∞ Axe of Woe
rCold  . . .     Gourm    .     a - +0 leather armour
rNeg   . . .     Faith    .     (shield currently unavailable)
rPois  .         Spirit   .     b - +0 helmet
rElec  .         Dismiss  .     (no cloak)
rCorr  .         Reflect  .     (no gloves)
SustAt .         Harm     .     (boots unavailable)
MR     ++...     NoTele   +     (no amulet)
Stlth  +++++++++.               (no ring)
                                (no ring)

@: lethally poisoned (-310 -> -315), slowed, very slow, very resistant to
hostile enchantments, incredibly stealthy
A: hooves 3, demonic guardian 3, fire resistance 1, ignite blood, robust 3,
flame cloud immunity, sturdy frame 3
a: Minor Destruction, Lesser Servant of Makhleb, Major Destruction, Greater
Servant of Makhleb, Renounce Religion


You were in the Dungeon.
You worshipped Makhleb.
Makhleb was exalted by your worship.
You were not hungry.

You visited 1 branch

Inventory:

Hand Weapons
 k - the +∞ Axe of Woe (weapon)
   (You found it in the Dungeon)
Missiles
 c - 3 throwing nets (quivered)
Armour
 a - a +0 leather armour (worn)
 b - a +0 helmet (worn)
Scrolls
 j - a scroll of blinking
Potions
 e - a potion of curing
 f - a potion of heal wounds
 g - a potion of haste
 h - 2 potions of magic
 i - a potion of berserk rage
Comestibles
 d - a bread ration


   Skills:
 O Level 27 Fighting
 O Level 27 Axes
 O Level 27 Throwing
 O Level 27 Armour
 O Level 27 Dodging
 O Level 27 Stealth
 O Level 27 Unarmed Combat
 O Level 27 Spellcasting
 O Level 27 Invocations


You had 80 spell levels left.
You didn't know any spells.

Dungeon Overview and Level Annotations

Branches:
Dungeon (1/1)

Altars:
Makhleb


Innate Abilities, Weirdness & Mutations

You have hooves in place of feet.
A powerful demonic guardian rushes to your aid.
Your flesh is heat resistant.
Your demonic aura causes spilled blood to erupt in flames.
You are extremely robust (+30% HP).
You are immune to clouds of flame.
Your movements are significantly less encumbered by armour (ER -6).


Message History

You hear a shout! x3
A scourge comes into view.
Unknown command.
Unknown command.
Unknown command.
Unknown command.
Unknown command.
You swing at nothing.
You feel sick.
The scourge hisses angrily.
You hear a shout! x2
The eight-headed meat hydra calls on the powers of darkness!
The eight-headed meat hydra convulses!
The scourge convulses!
The fleshlord convulses! x2; Your body is wracked with pain!
* * * LOW HITPOINT WARNING * * *
You hear a shout!
The fleshlord points at you and mumbles some strange words.
You feel as though you will be slow longer.
You hear a shout! x2
The fleshlord hits you with a +9 great mace!!!!!!
Ouch! That really hurt!
You die...

...... ..§%. ..
#.%%. .# .. #...
.%# ...###%S§
.p###.
........###..%...
#.....O§._.V%%..
#))..%# #@)<._#
#pp%..#
#S.O..))%_..%...
L.L..%..###§%....
po.###... .%###.
.. #§.. ..# #D§..
.# S.... ..
......


You could see an eight-headed meat hydra, a destroyer, 2 scourges, 3 fleshlords
and a meat berserker (berserk).

Vanquished Creatures
  Sigmund (D)
  4 hell beasts (D)
  3 greater mummies (D)
  3 great orbs of eyes (D)
  4 wraiths (D)
  Harold (D)
  12 vampire knights (D)
  43 ogres (D)
  5 liches (D)
  3 hydras (D)
  67 orcs (D)
  3 phantoms (D)
  10 hill giants (D)
  8 skeletal warriors (D)
  2 sea snakes (D)
  9 large abominations (D)
  9 small abominations (D)
  8 crawling corpses (D)
195 creatures vanquished.

Vanquished Creatures (others)
  2 great orbs of eyes (D)
  A hydra (D)
  2 orcs (D)
  A small abomination (D)
  2 crawling corpses (D)
8 creatures vanquished.

Grand Total: 203 creatures vanquished

Notes
Turn   | Place    | Note
--------------------------------------------------------------
     0 | D        | namelastname112 the Demonspawn Gladiator began the quest for the Orb.
     0 | D        | Reached XP level 1. HP: 16/16 MP: 1/1
     3 | D        | Noticed a bag of meat
     3 | D        | Noticed a meat berserker
     4 | D        | Became a worshipper of Makhleb the Destroyer
     5 | D        | Noticed a bag of meat
     6 | D        | Noticed a bag of meat
     7 | D        | Killed a meat berserker
     7 | D        | Reached skill level 12 in Fighting
     7 | D        | Reached skill level 18 in Dodging
     7 | D        | Gained mutation: You have large cloven feet. [demonic ancestry]
     7 | D        | Reached XP level 2. HP: 19/39 MP: 2/2
     7 | D        | Gained mutation: You have hoof-like feet. [demonic ancestry]
     7 | D        | Reached XP level 3. HP: 21/45 MP: 3/3
     7 | D        | Reached XP level 4. HP: 24/52 MP: 4/4
     7 | D        | Gained mutation: You have hooves in place of feet. [demonic ancestry]
     7 | D        | Reached XP level 5. HP: 26/58 MP: 5/5
     7 | D        | Gained mutation: A weak demonic guardian rushes to your aid. [demonic ancestry]
     7 | D        | Reached XP level 6. HP: 29/65 MP: 6/6
     7 | D        | Gained mutation: Your movements are slightly less encumbered by armour (ER -2). [demonic ancestry]
     7 | D        | Reached XP level 7. HP: 31/71 MP: 7/7
     7 | D        | Gained mutation: Your movements are less encumbered by armour (ER -4). [demonic ancestry]
     7 | D        | Reached XP level 8. HP: 33/77 MP: 8/8
     7 | D        | Gained mutation: A demonic guardian rushes to your aid. [demonic ancestry]
     7 | D        | Reached XP level 9. HP: 35/83 MP: 9/9
     7 | D        | Gained mutation: You are robust (+10% HP). [demonic ancestry]
     7 | D        | Reached XP level 10. HP: 35/99 MP: 10/10
     7 | D        | Reached XP level 11. HP: 37/105 MP: 11/11
     7 | D        | Reached XP level 12. HP: 39/113 MP: 12/12
     7 | D        | Reached XP level 13. HP: 41/119 MP: 13/13
     8 | D        | Noticed a bag of meat
     9 | D        | Noticed a meat berserker
     9 | D        | Killed a bag of meat
     9 | D        | Reached * piety under Makhleb
     9 | D        | Reached skill level 20 in Dodging
    10 | D        | Killed a meat berserker
    10 | D        | Reached skill level 15 in Fighting
    10 | D        | Reached skill level 1 in Axes
    10 | D        | Reached skill level 22 in Dodging
    10 | D        | Gained mutation: Your flesh is heat resistant. [demonic ancestry]
    10 | D        | Reached XP level 14. HP: 110/135 MP: 14/14
    10 | D        | Killed a bag of meat
    10 | D        | Reached ** piety under Makhleb
    10 | D        | Reached skill level 23 in Dodging
    10 | D        | Reached XP level 15. HP: 115/143 MP: 15/15
    11 | D        | Reached skill level 24 in Dodging
    12 | D        | Noticed a meat berserker
    12 | D        | Noticed a meat berserker
    12 | D        | Reached *** piety under Makhleb
    12 | D        | Reached skill level 15 in Throwing
    12 | D        | Reached skill level 25 in Dodging
    12 | D        | Reached skill level 5 in Axes
    12 | D        | Gained mutation: You are immune to clouds of flame. [demonic ancestry]
    12 | D        | Reached XP level 16. HP: 155/157 MP: 16/16
    13 | D        | Killed a meat berserker
    13 | D        | Reached skill level 27 in Dodging
    13 | D        | Reached skill level 27 in Unarmed Combat
    14 | D        | Killed a meat berserker
    14 | D        | Reached **** piety under Makhleb
    14 | D        | Reached XP level 17. HP: 168/178 MP: 17/17
    16 | D        | Reached skill level 15 in Axes
    16 | D        | Reached ***** piety under Makhleb
    16 | D        | Reached skill level 5 in Armour
    16 | D        | Reached XP level 18. HP: 193/198 MP: 18/18
    17 | D        | Reached skill level 27 in Fighting
    18 | D        | Noticed a meat berserker
    18 | D        | Noticed a large bag of meat
    20 | D        | Noticed a meat berserker
    20 | D        | Gained mutation: Your demonic aura causes spilled blood to erupt in flames. [demonic ancestry]
    20 | D        | Reached XP level 19. HP: 207/207 MP: 19/19
    21 | D        | Noticed a meat berserker
    22 | D        | Noticed a large bag of meat
    22 | D        | Killed a meat berserker
    22 | D        | Reached ****** piety under Makhleb
    22 | D        | Killed a meat berserker
    22 | D        | Reached skill level 27 in Axes
    22 | D        | Reached skill level 27 in Throwing
    22 | D        | Reached skill level 15 in Armour
    22 | D        | Killed a meat berserker
    22 | D        | Reached XP level 20. HP: 216/216 MP: 20/20
    23 | D        | Noticed a meat berserker
    25 | D        | Noticed a meat berserker
    27 | D        | Noticed a destroyer
    27 | D        | Reached skill level 27 in Armour
    28 | D        | Noticed a meat berserker
    28 | D        | Killed a meat berserker
    29 | D        | Killed a meat berserker
    29 | D        | Reached skill level 15 in Spellcasting
    29 | D        | Gained mutation: Your movements are significantly less encumbered by armour (ER -6). [demonic ancestry]
    29 | D        | Reached XP level 21. HP: 224/224 MP: 20/40
    32 | D        | Reached skill level 27 in Invocations
    32 | D        | Killed a destroyer
    32 | D        | Reached XP level 22. HP: 233/233 MP: 20/46
    34 | D        | Reached skill level 27 in Stealth
    34 | D        | Reached skill level 27 in Spellcasting
    35 | D        | Reached XP level 23. HP: 240/240 MP: 21/54
    37 | D        | Gained mutation: A powerful demonic guardian rushes to your aid. [demonic ancestry]
    37 | D        | Reached XP level 24. HP: 249/249 MP: 22/54
    38 | D        | Noticed a destroyer
    39 | D        | Noticed a tyrant
    42 | D        | Killed a destroyer
    42 | D        | Gained mutation: You are very robust (+20% HP). [demonic ancestry]
    42 | D        | Reached XP level 25. HP: 245/280 MP: 23/54
    44 | D        | Killed a tyrant
    45 | D        | Noticed a destroyer
    46 | D        | Noticed a destroyer
    46 | D        | Reached XP level 26. HP: 290/290 MP: 24/54
    47 | D        | Noticed a destroyer
    49 | D        | Noticed a destroyer
    49 | D        | Noticed a destroyer
    49 | D        | Killed a destroyer
    50 | D        | Gained mutation: You are extremely robust (+30% HP). [demonic ancestry]
    50 | D        | Reached XP level 27. HP: 290/323 MP: 25/54
    51 | D        | Killed a destroyer
    53 | D        | Killed a destroyer
    56 | D        | Noticed an accursed
    59 | D        | Noticed The Servant
    63 | D        | Noticed a tyrant
    63 | D        | Noticed The Captor
    65 | D        | Noticed a tyrant
    65 | D        | Killed a destroyer
    66 | D        | Noticed an accursed
    67 | D        | Noticed a tyrant
    67 | D        | Killed The Servant
    68 | D        | Noticed a dread
    68 | D        | Killed a tyrant
    72 | D        | Noticed a meat beast
    73 | D        | Noticed a destroyer
    74 | D        | Killed an accursed
    74 | D        | Killed a meat beast
    75 | D        | Killed a tyrant
    76 | D        | Noticed a dread
    77 | D        | Killed a dread
    78 | D        | Killed The Captor
    79 | D        | Killed a destroyer
    80 | D        | Killed a dread
    80 | D        | Killed a tyrant
    81 | D        | Killed a destroyer
    84 | D        | Noticed a destroyer
    85 | D        | Noticed a dread
    87 | D        | Noticed an accursed
    88 | D        | Killed a destroyer
    91 | D        | Killed a dread
    94 | D        | Killed an accursed
    95 | D        | Killed an accursed
    98 | D        | Noticed a meat beast
    98 | D        | Killed a meat beast
   100 | D        | Noticed a destroyer
   110 | D        | Noticed a meat beast
   111 | D        | Noticed a destroyer
   111 | D        | Killed a destroyer
   111 | D        | Killed a meat beast
   114 | D        | Noticed a destroyer
   114 | D        | Killed a destroyer
   115 | D        | HP: 8/323 [scourge/poison arrow (63)]
   116 | D        | Noticed a meat beast
   117 | D        | Killed a destroyer
   117 | D        | Killed a meat beast
   118 | D        | Noticed a dread
   125 | D        | Noticed a tyrant
   125 | D        | Noticed a fleshlord
   126 | D        | Noticed a fleshlord
   126 | D        | Noticed a tyrant
   129 | D        | Noticed a fleshlord
   131 | D        | Noticed a fleshlord
   131 | D        | Noticed a fleshlord
   132 | D        | Killed a tyrant
   133 | D        | Noticed a destroyer
   133 | D        | Killed a dread
   134 | D        | Annihilated by a fleshlord

Vault maps used:
D:        meatsprint

Action                   |  1- 3 |  4- 6 |  7- 9 | 10-12 | 13-15 | 16-18 | 19-21 | 22-24 | 25-27 || total
-------------------------+-------+-------+-------+-------+-------+-------+-------+-------+-------++-------
Melee: Executioner's axe |     1 |       |       |       |     4 |     6 |     7 |     7 |    74 ||    99
Invok: Greater Servant o |       |       |       |       |       |       |     1 |       |       ||     1
 Stab: Distracted        |       |       |       |       |       |       |       |       |     1 ||     1
